 Dungeon Crawl Stone Soup version 0.30.2 (webtiles) character file.

Game seed: 7870338494418860072

280260 porpoise the Markshuman (level 21, -1/158 HPs)
             Began as a Human Hunter on Mar 5, 2024.
             Was the Champion of Hepliaklqana.
             Shot with an arrow by a deep elf master archer (17 damage)
             ... on level 3 of the Elven Halls on Mar 6, 2024.
             The game lasted 03:14:03 (46837 turns).

porpoise the Markshuman (Human Hunter)             Turns: 46837, Time: 03:14:04

Health: -1/158     AC:  7    Str: 10    XL:     21   Next: 34%
Magic:  31/31      EV: 24    Int: 15    God:    Hepliaklqana [******]
Gold:   75         SH:  5    Dex: 28    Spells: 20/20 levels left

rFire   . . .        a - +7 arbalest "Anoiroc" {speed, rPois Dex+3}
rCold   + . .        (shield currently unavailable)
rNeg    . . .        v - +3 robe of the Garden {rC+ Will+ Str-2}
rPois   +            E - +0 helmet of the Endless Expanse {*Corrode Fly Regen+ Int+3}
rElec   .            g - +1 cloak
rCorr   .            O - +2 pair of gloves
SInv    .            h - +0 pair of boots
Will    ++++.        w - amulet of reflection
Stlth   +++++        V - ring of willpower
HPRegen 1.26/turn    L - ring of willpower
MPRegen 0.22/turn

%: corrode self (3%), reflection
@: about to teleport, corroded, flying, studying Ice Magic
A: reduced essence
}: 2/15 runes: serpentine, barnacled
a: Renounce Religion, Recall Ancestor, Ancestor Identity, Transference, Idealise


You were on level 3 of the Elven Halls.
You worshipped Hepliaklqana.
Hepliaklqana was exalted by your worship.
You visited 7 branches of the dungeon, and saw 34 of its levels.
You visited 2 bazaars.
You also visited: Gauntlet and Ice Cave.

You collected 5622 gold pieces.
You spent 5547 gold pieces at shops.

Inventory:

Hand Weapons
 a - the +7 arbalest "Anoiroc" (weapon) {speed, rPois Dex+3}
   (You took it off a minotaur in a Gauntlet)

   Dex:       It affects your dexterity (+3).
   rPois:     It protects you from poison.
 b - a +7 triple sword of holy wrath
 m - a +2 antimagic quick blade
Missiles
 M - 4 throwing nets
Armour
 g - a +1 cloak (worn)
 h - a +0 pair of boots (worn)
 o - a +3 ring mail of fire resistance
 v - the +3 robe of the Garden (worn) {rC+ Will+ Str-2}
   (You found it in an ice cave)

   Str:       It affects your strength (-2).
   rC:        It protects you from cold.
   Will:      It increases your willpower.
 E - the +0 helmet of the Endless Expanse (worn) {*Corrode Fly Regen+ Int+3}
   (You found it on level 3 of the Shoals)

   Int:       It affects your intelligence (+3).
   Fly:       It grants you flight.
   Regen:     It increases your rate of health regeneration.
   *Corrode:  It may corrode you when you take damage.
 O - a +2 pair of gloves (worn)
Jewellery
 r - a +4 ring of protection
 w - an amulet of reflection (around neck)
 C - the ring of Untruth {Wiz rC+ Dex+3}
   (You acquired it on level 14 of the Dungeon)

   [ring of wizardry]

   It improves your spell success rate.
   Dex:       It affects your dexterity (+3).
   rC:        It protects you from cold.
 K - the ring of Gutretz {rPois rF+ rN+ Int+3}
   (You found it in a Gauntlet)

   [ring of poison resistance]

   Int:       It affects your intelligence (+3).
   rF:        It protects you from fire.
   rPois:     It protects you from poison.
   rN:        It protects you from negative energy.
 L - a ring of willpower (right hand)
 P - a ring of see invisible
 R - a +6 ring of dexterity
 V - a ring of willpower (left hand)
Wands
 i - a wand of quicksilver (9)
 l - a wand of mindburst (9)
 u - a wand of polymorph (8)
 A - a wand of digging (11)
 B - a wand of roots (50)
 G - a wand of charming (17)
 I - a wand of flame (42)
Scrolls
 f - 13 scrolls of teleportation
 n - 5 scrolls of vulnerability
 q - a scroll of poison
 s - a scroll of noise
 t - 2 scrolls of butterflies
 y - 5 scrolls of fear
 J - 4 scrolls of blinking
 N - 3 scrolls of fog
 Q - a scroll of silence
 X - 6 scrolls of magic mapping
Potions
 c - 9 potions of heal wounds
 d - 2 potions of ambrosia
 j - 4 potions of attraction
 k - 19 potions of curing
 p - 9 potions of haste
 x - 3 potions of berserk rage
 z - 4 potions of invisibility
 D - 3 potions of might
 F - a potion of resistance
 S - 4 potions of lignification
Miscellaneous
 e - a box of beasts
 H - a phantom mirror
 Z - a tin of tremorstones (2/2)


   Skills:
 + Level 17.8 Fighting
 - Level 19.1 Ranged Weapons
 + Level 2.4 Throwing
 - Level 12.0 Armour
 - Level 12.0 Dodging
 - Level 9.0 Stealth
 + Level 12.3 Shields
 - Level 14.0 Invocations
 - Level 12.0 Evocations


You had 20 spell levels left.
You didn't know any spells.
Your spell library contained the following spells:

 Spells                   Type           Power      Damage    Failure   Level
 Freeze                   Ice            0%         1d3       26%         1
 Summon Small Mammal      Summ           0%         N/A       26%         1
 Call Canine Familiar     Summ           0%         N/A       63%         3
 Confusing Touch          Hex            0%         N/A       63%         3
 Frozen Ramparts          Ice            0%         1d1       63%         3
 Hailstorm                Conj/Ice       0%         3d3       63%         3
 Summon Guardian Golem    Hex/Summ       0%         N/A       63%         3
 Fulminant Prism          Conj/Hex       0%         3d5       95%         4
 Ice Form                 Ice/Tmut       0%         N/A       95%         4
 Manifold Assault         Tloc           0%         N/A       95%         4
 Olgreb's Toxic Radiance  Pois           0%         N/A       95%         4
 Summon Ice Beast         Ice/Summ       0%         N/A       95%         4
 Summon Forest            Summ/Tloc      0%         N/A       100%        5
 Summon Mana Viper        Hex/Summ       0%         N/A       100%        5
 Yara's Violent Unravell  Hex/Tmut       0%         3d3       100%        5
 Conjure Ball Lightning   Conj/Air       0%         3x3d6     100%        6
 Dispersal                Tloc           0%         N/A       100%        6
 Eringya's Noxious Bog    Tmut/Pois      0%         N/A       100%        6
 Orb of Destruction       Conj           0%         9d5       100%        7
 Spellforged Servitor     Conj/Summ      0%         N/A       100%        7
 Summon Hydra             Summ           0%         N/A       100%        7
 Disjunction              Tloc           0%         N/A       100%        8
 Summon Horrible Things   Summ           0%         N/A       100%        8


Dungeon Overview and Level Annotations

Branches:
Dungeon (15/15)            Temple (1/1) D:5            Lair (5/5) D:11
 Shoals (4/4) Lair:2        Snake (4/4) Lair:2        Slime (0/5) Lair:5
    Orc (2/2) D:11            Elf (3/3) Orc:2        Vaults (0/5) D:13
 Depths (0/4) D:15          IceCv (visited)         Gauntlet (visited)

Altars:
Ashenzari
Cheibriados
Dithmenos
Elyvilon
Fedhas
Gozag
Hepliaklqana
Kikubaaqudgha
Makhleb
Nemelex Xobeh
Okawaru
Qazlal
Ru
Sif Muna
Trog
Vehumet
Wu Jian
Xom
Yredelemnul
Zin
The Shining One
Jiyva

Shops:
D:5 *   Orc:1 ?(   Orc:2 ?(!=   Elf:3 !   Shoals:3 ?[?!   Shoals:4 =
Snake:1 (!(   Snake:3 =   Snake:4 ?**

Portals:
Pandemonium: Orc:2

Annotations:
D:4 1 runed translucent door, porpoise's ghost, novice TeSu
Temple 2 transporters


Message History

Press: ? - help, Q - select action, (/) - cycle Shift-Dir - straight line, f - deep elf annihilator
Aim: a deep elf annihilator, wielding a +0 rapier and wearing a +0 scale mail (heavily wounded, spells empowered, 75% to hit)
You shoot a bolt.
The bolt hits the deep elf annihilator!!
The deep elf annihilator is almost dead.
The deep elf master archer shoots an arrow.
The arrow hits you!!
* * * LOW HITPOINT WARNING * * *
Fire: a) +7 arbalest "Anoiroc" {speed, rPois Dex+3}
Press: ? - help, Q - select action, (/) - cycle Shift-Dir - straight line, f/p - deep elf annihilator
Aim: a deep elf annihilator, wielding a +0 rapier and wearing a +0 scale mail (almost dead, spells empowered, 75% to hit)
You shoot a bolt.
The bolt closely misses the deep elf annihilator.
You feel much better.
The deep elf master archer shoots an arrow.
The arrow barely misses you.
The deep elf master archer unwields a +0 longbow.
The deep elf master archer misses you.
You feel much better.
The deep elf master archer wields a +0 longbow.
The deep elf master archer shoots an arrow.
The arrow hits you!!!
* * * LOW HITPOINT WARNING * * *
You feel much better.
The deep elf annihilator completely misses you.
The deep elf master archer shoots an arrow.
The arrow completely misses you.
As you read the scroll of teleportation, it crumbles to dust.
You feel strangely unstable.
Nikki emerges from the mists of memory!
The deep elf annihilator casts a spell at you.
The crystal spear misses you.
The deep elf high priest invokes the aid of its god against you.
Something smites you!
* * * LOW HITPOINT WARNING * * *
The deep elf master archer shoots an arrow.
The arrow hits you!
* * * LOW HITPOINT WARNING * * *
The deep elf master archer shoots an arrow.
The arrow hits you!
You die...

#...#....####....#...
#...#............#...
#...#............#...
#...#............#...
#...#............#...
#...############+#...
#.R..................
#....e...............
#...@ee..............
######)###########...
#ยง..## #...
**##.e.#* #...
**,*##...#* #...
**,,,*##...# #...
**,,,,,*.).##** #...
*,,,,,,,).##*,* #...
*,,,,,,..##*,,* #...


You could see the friendly Nikki the knight (reflecting), a deep elf master
archer, a deep elf annihilator (empowered, ally target) and a deep elf high
priest (brilliance aura).

Vanquished Creatures
  Bai Suzhen (Snake:3)
  Saint Roka (Snake:4)
  Asterion (Snake:1)
  A deep elf blademaster (Elf:2)
  Jorgrun (D:12)
  Mlioglotl (Shoals:4)
  Kirke (Lair:3)
  Agnes (Snake:1)
  5 nagarajas
  The ghost of Xieblus the Spry, a journeyman MfMo of Gozag (Shoals:3)
  A deep elf sorcerer (Elf:3)
  An ironbound preserver (D:13)
  4 deep elf demonologists
  A deep elf annihilator (Elf:3)
  3 merfolk javelineers
  A green death (Gauntlet)
  Josephine (D:10)
  6 merfolk impalers
  A hydra (Lair:5)
  Erolcha (D:10)
  2 salamander tyrants (Snake:4)
  A ghost crab (Gauntlet)
  3 merfolk avatars
  7 anacondas
  4 alligator snapping turtles
  5 boulder beetles
  19 dancing weapons
  6 centaur warriors
  A catoblepas (Lair:5)
  2 merfolk aquamancers
  2 satyrs (Shoals:3)
  A tengu warrior (D:14)
  A two-headed ogre (D:11)
  2 orc high priests
  7 death yaks
  10 naga warriors
  Urug (D:11)
  13 naga sharpshooters
  A vampire mage (D:11)
  9 shock serpents
  Nergalle (Lair:3)
  Sonja (D:10)
  23 deep elf knights
  Amaemon (Lair:3)
  2 skysharks (Lair:4)
  A salamander mystic (Snake:4)
  2 skeletal warriors (D:13)
  4 naga ritualists
  18 sea snakes
  A lindwurm (Lair:4)
  3 wizards (D:15)
  5 orc knights
  19 deep elf zephyrmancers
  24 harpies
  10 deep elf archers
  Pikel (D:5)
  2 necromancers
  6 orc sorcerers
  4 mana vipers (Snake:1)
  12 deep elf pyromancers
  17 manticores
  15 fauns
  7 cyclopes
  2 oklob plants (Shoals:4)
  3 ugly things
  29 black mambas
  Joseph (D:7)
  5 salamanders
  5 water nymphs
  15 merfolk sirens
  A rust devil (Orc:2)
  8 elephants
  An ice statue (IceCv)
  14 naga magi
  3 guardian serpents
  9 cane toads
  3 orange demons
  2 gargoyles (D:12)
  4 rime drakes
  A centaur skeleton (D:15)
  A kobold demonologist (D:8)
  Psyche (D:9)
  2 freezing wraiths (IceCv)
  9 ice devils (IceCv)
  11 komodo dragons
  3 anaconda simulacra (IceCv)
  A tengu conjurer (D:15)
  5 trolls
  21 merfolk
  A hornet (D:10)
  A meliai (shapeshifter) (D:15)
  4 polar bears (Lair:3)
  2 wind drakes
  12 snapping turtles
  A blink frog (shapeshifter) (D:13)
  9 dream sheep
  10 blink frogs
  Prince Ribbit (D:9)
  9 slime creatures
  A centaur simulacrum (D:15)
  3 water elementals
  3 air elementals
  4 vampires (D:11)
  8 wraiths
  5 hogs (Lair:3)
  A dire elephant simulacrum (IceCv)
  6 basilisks
  4 wyverns
  64 yaks
  A steam dragon (D:4)
  A fire elemental (Elf:1)
  9 vampire mosquitoes
  3 death yak simulacra (IceCv)
  A redback simulacrum (D:15)
  3 acid dragons
  4 wargs (Orc:1)
  49 nagas
  4 water moccasins
  A hydra simulacrum (IceCv)
  Duvessa (D:5)
  An ice beast (D:8)
  2 black bears
  A sky beast (D:4)
  3 ogres
  25 orc warriors
  6 wolves
  4 boggarts (D:15)
  13 centaurs
  A lemure (D:5)
  3 kobold brigands
  Blork the orc (D:6)
  8 bullfrogs
  A gnoll sergeant (D:6)
  A scorpion (D:5)
  A necrophage (D:6)
  A two-headed ogre simulacrum (IceCv)
  5 cane toad simulacra (IceCv)
  10 wights
  Dowan (D:5)
  6 elephant simulacra (IceCv)
  6 killer bees
  7 electric eels
  9 howler monkeys
  3 hounds
  3 jellies
  19 orc priests
  2 sleepcaps (D:8)
  13 iguanas
  2 polar bear simulacra (IceCv)
  3 spriggan simulacra (IceCv)
  13 orc wizards
  A wolf simulacrum (IceCv)
  A boggart simulacrum (D:15)
  A hound skeleton (D:6)
  7 gnolls (D:6)
  7 adders
  A naga simulacrum (IceCv)
  A shadow imp (D:7)
  A white imp (D:5)
  3 worms
  3 dart slugs
  70 orcs
  8 ball pythons
  4 endoplasms
  4 giant cockroaches
  5 goblins
  16 hobgoblins
  4 quokkas
  2 training dummies (Orc:1)
  5 bats
  26 frilled lizards
  15 kobolds
  7 rats
  3 tentacles (Shoals:2)
1065 creatures vanquished.

Vanquished Creatures (collateral kills)
  A deep elf blademaster (Elf:3)
  A kraken (Shoals:2)
  A minotaur (Gauntlet)
  2 merfolk impalers
  2 merfolk javelineers
  A deep elf high priest (Elf:2)
  3 hydras
  Fannar (D:12)
  2 catoblepae (Lair:5)
  A demonspawn (Orc:2)
  An anaconda (Snake:1)
  A boulder beetle (D:12)
  2 centaur warriors (D:13)
  A tengu warrior (D:15)
  A two-headed ogre (D:9)
  3 naga warriors
  3 death yaks (Lair:5)
  A dancing weapon (Elf:3)
  A naga sharpshooter (Snake:1)
  A shock serpent (Snake:2)
  A sun demon (Orc:2)
  7 orc high priests
  3 deep elf knights (Elf:1)
  A skeletal warrior (D:13)
  A salamander mystic (Snake:4)
  A skyshark (Lair:5)
  A sea snake (Shoals:1)
  A deep elf archer (Elf:1)
  3 harpies
  2 orc knights
  A naga ritualist (Snake:1)
  7 deep elf pyromancers
  2 ugly things
  2 deep elf zephyrmancers (Elf:2)
  A mana viper (Snake:2)
  2 cyclopes
  4 manticores
  An orc sorcerer (Orc:2)
  A salamander (Snake:1)
  A faun (Shoals:3)
  3 elephants (Lair:2)
  A naga mage (Snake:2)
  A water nymph (Shoals:4)
  4 black mambas
  A rust devil (Orc:2)
  A merfolk siren (Shoals:1)
  An unseen horror (D:10)
  5 cane toads
  A komodo dragon (Lair:5)
  A kobold demonologist (D:13)
  2 ice devils (IceCv)
  A tengu conjurer (D:13)
  A merfolk (Shoals:4)
  3 polar bears
  3 trolls
  A harpy skeleton (D:15)
  2 dream sheep
  2 blink frogs (Lair:5)
  A slime creature (D:15)
  A shadow (D:13)
  2 wraiths
  A ynoxinul (Orc:2)
  A dire elephant simulacrum (IceCv)
  2 water elementals
  4 vampires (D:11)
  18 yaks
  A vampire mosquito (D:10)
  A death yak simulacrum (IceCv)
  Grum (D:8)
  A harpy simulacrum (IceCv)
  5 nagas
  7 water moccasins
  A hydra simulacrum (IceCv)
  10 orc warriors
  A meliai simulacrum (D:15)
  2 wolves
  An ogre (Orc:2)
  3 centaurs
  2 bullfrogs
  2 wights (D:8)
  3 killer bees
  An electric eel (Lair:2)
  A howler monkey (D:9)
  A hound (D:11)
  7 orc priests
  3 orc wizards
  A polar bear simulacrum (IceCv)
  A wolf simulacrum (IceCv)
  A gnoll (D:6)
  An ufetubus (IceCv)
  22 orcs
  3 hobgoblins (Orc:1)
  A kobold (D:8)
  A training dummy (Orc:1)
  A frilled lizard (D:10)
223 creatures vanquished.

Vanquished Creatures (others)
  A demonspawn (Orc:2)
  2 deep elf knights
  An orc knight (Orc:2)
  A merfolk (Shoals:3)
  A shadow (D:11)
  15 knights
  An orc priest (Elf:2)
  An ancestor (D:7)
  4 tentacles (Shoals:2)
27 creatures vanquished.

Grand Total: 1315 creatures vanquished

Notes
Turn   | Place    | Note
-------+----------+-------------------------------------------
     0 | D:1      | porpoise the Human Hunter began the quest for the Orb.
     0 | D:1      | Reached XP level 1. HP: 16/16 MP: 1/1
   212 | D:1      | Reached XP level 2. HP: 22/22 MP: 2/2
   525 | D:1      | Reached XP level 3. HP: 28/28 MP: 3/3
   780 | D:2      | Found an iron altar of Okawaru.
  1502 | D:3      | Reached skill level 5 in Ranged Weapons
  1502 | D:3      | Reached XP level 4. HP: 23/34 MP: 4/4
  2333 | D:3      | Reached XP level 5. HP: 41/41 MP: 5/5
  2879 | D:4      | Identified the +12 sling of Neqibluj {elec, +Blink Int+4
                  | Dex-5}
  3202 | D:4      | Found a stormy altar of Qazlal.
  3202 | D:4      | Noticed a sky beast
  3214 | D:4      | Killed a sky beast
  3215 | D:4      | Reached skill level 6 in Ranged Weapons
  3215 | D:4      | Reached skill level 1 in Shields
  3215 | D:4      | Reached XP level 6. HP: 24/47 MP: 2/6
  3342 | D:4      | Noticed a steam dragon
  3353 | D:4      | Killed a steam dragon
  3354 | D:4      | Reached XP level 7. HP: 44/54 MP: 5/7
  3452 | D:4      | Found a runed translucent door.
  3452 | D:4      | Noticed porpoise's ghost (novice TeSu)
  3452 | D:4      | Noticed a steam dragon
  3692 | D:5      | Entered Level 5 of the Dungeon
  3701 | D:5      | Found a staircase to the Ecumenical Temple.
  3716 | Temple   | Entered the Ecumenical Temple
  3716 | Temple   | Found a transporter.
  3716 | Temple   | Found a transporter.
  3718 | Temple   | Found a transporter.
  3718 | Temple   | Found a transporter.
  3736 | Temple   | Became a worshipper of Hepliaklqana the Forgotten
  3759 | D:5      | You fall into a shaft and drop 1 floor!
  3869 | D:5      | Noticed Pikel
  3878 | D:5      | Killed Pikel
  3879 | D:5      | Reached skill level 7 in Ranged Weapons
  3879 | D:5      | Reached XP level 8. HP: 54/61 MP: 8/8
  3896 | D:5      | Reached skill level 5 in Fighting
  3975 | D:5      | Reached skill level 8 in Ranged Weapons
  4072 | D:5      | Found Baskiu's Assorted Antiques.
  4074 | D:5      | Noticed Dowan
  4076 | D:5      | Noticed Duvessa
  4081 | D:5      | Killed Dowan
  4092 | D:5      | Killed Duvessa
  4379 | D:5      | Bought a scroll labelled QEFFERHENG for 16 gold pieces
  4379 | D:5      | Bought 2 amethyst potions for 28 gold pieces
  4379 | D:5      | Bought a smoky clear potion for 14 gold pieces
  4700 | D:5      | Reached XP level 9. HP: 64/68 MP: 9/9
  4818 | D:6      | Reached skill level 9 in Ranged Weapons
  4932 | D:6      | Reached * piety under Hepliaklqana
  5191 | D:6      | Found a burning altar of Makhleb.
  5199 | D:6      | Reached skill level 5 in Shields
  5245 | D:6      | Noticed Blork the orc
  5249 | D:6      | Killed Blork the orc
  5691 | D:6      | Found an ancient bone altar of Kikubaaqudgha.
  5735 | D:7      | Reached skill level 10 in Ranged Weapons
  5933 | D:7      | Reached XP level 10. HP: 69/69 MP: 10/10
  5987 | D:7      | Reached ** piety under Hepliaklqana
  5988 | D:7      | Remembered your ancestor Nikki as a knight
  6234 | D:7      | Found a shadowy altar of Dithmenos.
  6238 | D:7      | Noticed Joseph
  6248 | D:7      | Killed Joseph
  6901 | D:8      | Reached skill level 11 in Ranged Weapons
  6908 | D:8      | Reached skill level 1 in Invocations
  7170 | D:8      | Noticed a kobold demonologist
  7175 | D:8      | Killed a kobold demonologist
  7338 | D:8      | Reached skill level 5 in Stealth
  7618 | D:8      | Found a sparkling altar of Nemelex Xobeh.
  7714 | D:8      | Reached *** piety under Hepliaklqana
  7757 | D:8      | Noticed Grum
  7775 | D:8      | Killed Grum
  7776 | D:8      | Reached skill level 12 in Ranged Weapons
  7992 | D:8      | Reached XP level 11. HP: 75/75 MP: 13/13
  8093 | D:9      | Noticed Psyche
  8096 | D:9      | Killed Psyche
  8139 | D:9      | Noticed a two-headed ogre
  8146 | D:9      | Killed a two-headed ogre
  8182 | D:9      | Reached skill level 5 in Invocations
  8477 | D:9      | Reached skill level 13 in Ranged Weapons
  8639 | D:9      | Noticed Prince Ribbit
  8648 | D:9      | Killed Prince Ribbit
  9063 | D:10     | Entered Level 10 of the Dungeon
  9069 | D:10     | Noticed Erolcha
  9078 | D:10     | Killed Erolcha
  9227 | D:10     | Noticed Sonja
  9233 | D:10     | Noticed Josephine
  9271 | D:10     | Killed Josephine
  9272 | D:10     | Reached skill level 14 in Ranged Weapons
  9272 | D:10     | Reached XP level 12. HP: 53/81 MP: 9/17
  9279 | D:10     | Reached skill level 1 in Evocations
  9468 | D:10     | Killed Sonja
 10136 | D:10     | Reached skill level 5 in Dodging
 10603 | D:11     | Reached skill level 5 in Evocations
 10603 | D:11     | Reached **** piety under Hepliaklqana
 10618 | D:11     | Noticed Urug
 10640 | D:11     | Killed Urug
 10641 | D:11     | Reached skill level 1 in Armour
 10847 | D:11     | Found a staircase to the Orcish Mines.
 10868 | D:11     | Reached XP level 13. HP: 65/90 MP: 11/18
 10868 | D:11     | Noticed a centaur warrior
 10891 | D:11     | Killed a centaur warrior
 11327 | D:11     | Reached skill level 5 in Armour
 11412 | D:11     | Found a burning altar of Makhleb.
 11866 | D:11     | Found a staircase to the Lair.
 12462 | Lair:1   | Entered Level 1 of the Lair of Beasts
 12589 | Lair:1   | Found a frozen archway.
 12609 | IceCv    | Entered an ice cave
 12893 | IceCv    | Found an ancient bone altar of Kikubaaqudgha.
 13264 | IceCv    | Reached skill level 10 in Fighting
 14869 | IceCv    | Reached XP level 14. HP: 99/99 MP: 20/20
 14935 | IceCv    | Identified the +3 robe of the Garden {rC+ Will+ Str-2}
 16154 | Lair:2   | Found a staircase to the Snake Pit.
 16224 | Lair:2   | Found a staircase to the Shoals.
 16495 | Lair:2   | Reached skill level 10 in Invocations
 17277 | Lair:3   | Noticed Kirke
 17301 | Lair:3   | Killed Kirke
 17444 | Lair:3   | Reached ***** piety under Hepliaklqana
 17929 | Lair:3   | Noticed Nergalle
 17941 | Lair:3   | Killed Nergalle
 18262 | Lair:3   | Noticed Amaemon
 18270 | Lair:3   | Killed Amaemon
 18629 | Lair:4   | Reached XP level 15. HP: 108/108 MP: 23/23
 19435 | Lair:5   | Entered Level 5 of the Lair of Beasts
 19672 | Lair:5   | Found a viscous altar of Jiyva.
 19672 | Lair:5   | Found a staircase to the Slime Pits.
 21329 | D:12     | Noticed Fannar
 21404 | D:12     | Reached XP level 16. HP: 100/116 MP: 25/25
 21543 | D:12     | Noticed Jorgrun
 21570 | D:12     | Killed Jorgrun
 21906 | D:12     | Killed Fannar
 21992 | Orc:1    | Entered Level 1 of the Orcish Mines
 22203 | Orc:1    | Found a bloodstained altar of Trog.
 22214 | Orc:1    | Found Jutuegha's Magic Scroll Shop.
 22964 | Orc:2    | Entered Level 2 of the Orcish Mines
 23076 | Orc:2    | Found a staircase to the Elven Halls.
 23391 | Orc:1    | Found Obbuic's Firing Range.
 23402 | Orc:1    | Bought a +0 hand crossbow for 56 gold pieces
 24013 | Orc:2    | Reached ****** piety under Hepliaklqana
 24099 | Orc:1    | Bought 2 scrolls of acquirement for 1768 gold pieces
 24099 | Orc:1    | Acquired a manual of Ranged Weapons
 24291 | Orc:2    | Found Warhih's Distillery.
 24293 | Orc:2    | Found Deyvyzuu's Magic Scroll Boutique.
 25494 | Orc:2    | Reached skill level 15 in Ranged Weapons
 25662 | Orc:2    | Found Vofoa's Jewellery Shoppe.
 25662 | Orc:2    | Found Laaj's Antique Weapon Emporium.
 25663 | Orc:2    | Found a one-way gate leading to the halls of Pandemonium.
 25728 | Orc:1    | Bought a +0 longbow for 104 gold pieces
 25769 | Orc:2    | Bought a potion of mutation for 112 gold pieces
 25769 | Orc:2    | Bought a potion of heal wounds for 70 gold pieces
 25769 | Orc:2    | Acquired 1134 gold pieces
 26277 | D:13     | Found a transporter.
 26536 | D:13     | Reached skill level 16 in Ranged Weapons
 26553 | D:13     | Found a gate to the Vaults.
 27188 | D:14     | Found a gate leading to a gauntlet.
 27199 | Gauntlet | Entered a Gauntlet
 27199 | Gauntlet | Found a transporter.
 27199 | Gauntlet | Found a transporter.
 27200 | Gauntlet | Found a transporter.
 27215 | Gauntlet | Found a transporter.
 27219 | Gauntlet | Found a large runed translucent door.
 27219 | Gauntlet | Found a large runed translucent door.
 27220 | Gauntlet | Found a large runed translucent door.
 27220 | Gauntlet | Found a large runed translucent door.
 27221 | Gauntlet | Found a large runed translucent door.
 27221 | Gauntlet | Found a large runed translucent door.
 27221 | Gauntlet | Found a large runed translucent door.
 27221 | Gauntlet | Found a large runed translucent door.
 27222 | Gauntlet | Found a runed translucent door.
 27222 | Gauntlet | Found a runed translucent gate.
 27236 | Gauntlet | Found a transporter.
 27241 | Gauntlet | Found a transporter.
 27262 | Gauntlet | Found a transporter.
 27264 | Gauntlet | Found a transporter.
 27301 | Gauntlet | Found a transporter.
 27313 | Gauntlet | Found a transporter.
 27327 | Gauntlet | Found a transporter.
 27329 | Gauntlet | Found a large runed translucent door.
 27330 | Gauntlet | Found a large runed translucent door.
 27331 | Gauntlet | Found a large runed translucent door.
 27331 | Gauntlet | Found a large runed translucent door.
 27331 | Gauntlet | Found a runed translucent door.
 27332 | Gauntlet | Found a large runed translucent door.
 27333 | Gauntlet | Found a large runed translucent door.
 27334 | Gauntlet | Found a large runed translucent door.
 27334 | Gauntlet | Found a large runed translucent door.
 27335 | Gauntlet | Found a runed translucent gate.
 27335 | Gauntlet | Found a runed translucent gate.
 27337 | Gauntlet | Found a transporter.
 27529 | Gauntlet | Identified the amulet of Ystuchoi {Faith Int+2 Dex+3}
 27554 | Gauntlet | Identified the ring of Gutretz {rPois rF+ rN+ Int+3}
 27567 | Gauntlet | Reached XP level 17. HP: 36/124 MP: 26/26
 27685 | Gauntlet | Identified the +7 arbalest "Anoiroc" {speed, rPois Dex+3}
 27705 | Gauntlet | Identified the +1 ring mail of the Orb Guardian {Harm MP-9
                  | Dex+5 Slay+5}
 27706 | Gauntlet | Got the Papyrus of the Sphinx
 28075 | D:14     | Found a shimmering blue altar of Sif Muna.
 28208 | D:14     | Acquired the ring of Untruth {Wiz rC+ Dex+3}
 28210 | D:14     | Acquired the +2 arbalest of a bailey {heavy, rC+ Str+4
                  | Int-4 Dex+3}
 28212 | D:14     | Acquired 974 gold pieces
 28596 | D:15     | Entered Level 15 of the Dungeon
 28874 | D:15     | Reached skill level 17 in Ranged Weapons
 28922 | D:15     | Found a staircase to the Depths.
 29646 | Snake:1  | Entered Level 1 of the Snake Pit
 29977 | Snake:1  | Reached skill level 18 in Ranged Weapons
 30231 | Snake:1  | Found a hazy altar of Hepliaklqana.
 30242 | Snake:1  | Noticed Agnes
 30248 | Snake:1  | Killed Agnes
 30395 | Snake:1  | Reached skill level 10 in Armour
 30457 | Snake:1  | Noticed Asterion
 30467 | Snake:1  | Killed Asterion
 30468 | Snake:1  | Reached skill level 10 in Dodging
 31089 | Snake:1  | Found Epeir's Weapon Boutique.
 31092 | Snake:1  | Found Rimezxad's Distillery.
 31094 | Snake:1  | Found Ulaaziw's Antique Weapon Boutique.
 31100 | Snake:1  | Bought a potion of mutation for 120 gold pieces
 31100 | Snake:1  | Bought a potion of curing for 45 gold pieces
 31100 | Snake:1  | Bought a potion of curing for 45 gold pieces
 31100 | Snake:1  | Bought a potion of heal wounds for 75 gold pieces
 31100 | Snake:1  | Bought a potion of mutation for 120 gold pieces
 31100 | Snake:1  | Bought 2 potions of heal wounds for 150 gold pieces
 32465 | Snake:2  | Reached XP level 18. HP: 131/131 MP: 18/27
 33414 | Snake:3  | Found Duodek's Jewellery Boutique.
 33553 | Snake:3  | Noticed Bai Suzhen
 33562 | Snake:3  | Killed Bai Suzhen
 34133 | Snake:4  | Entered Level 4 of the Snake Pit
 34619 | Snake:4  | Found Gaypahaq's Assorted Antiques.
 34624 | Snake:4  | Bought an agate ring for 105 gold pieces
 34624 | Snake:4  | Bought a scroll of teleportation for 63 gold pieces
 34624 | Snake:4  | Bought a scroll of fear for 84 gold pieces
 34624 | Snake:4  | Bought a diamond ring for 105 gold pieces
 34624 | Snake:4  | Bought a potion of berserk rage for 105 gold pieces
 34648 | Snake:4  | Found Okeoleick's General Store.
 34705 | Snake:4  | Noticed Saint Roka
 34714 | Snake:4  | Killed Saint Roka
 34942 | Snake:4  | Found Yxit's Magic Scroll Shop.
 34947 | Snake:4  | Bought a scroll of magic mapping for 150 gold pieces
 34947 | Snake:4  | Bought a scroll of magic mapping for 150 gold pieces
 34947 | Snake:4  | Bought a scroll of blinking for 150 gold pieces
 35107 | Snake:4  | Reached skill level 15 in Fighting
 35871 | Snake:4  | Got a serpentine rune of Zot
 36463 | Orc:2    | Bought a ring of flight for 245 gold pieces
 36618 | Shoals:1 | Entered Level 1 of the Shoals
 36632 | Shoals:1 | Reached XP level 19. HP: 139/139 MP: 19/28
 36661 | Shoals:1 | Found a flickering gateway to a bazaar.
 36673 | Bazaar   | Entered a bazaar
 36725 | Bazaar   | Found Bimuis's Antique Armour Shoppe.
 36797 | Bazaar   | Found Beffem's Book Emporium.
 36816 | Bazaar   | Found Femita's Antique Weapon Emporium.
 36821 | Bazaar   | Bought a transparent lajatang for 640 gold pieces
 36821 | Bazaar   | Identified the +0 lajatang "Aphoidyt" {protect, Fragile
                  | Dex+8} (You bought it in a shop in a bazaar)
 37859 | Shoals:2 | Found a flickering gateway to a bazaar.
 37869 | Bazaar   | Entered a bazaar
 37869 | Bazaar   | Found Moggeop's Antique Armour Shoppe.
 37869 | Bazaar   | Found Teitix's Antique Weapon Shoppe.
 37869 | Bazaar   | Found Zotoink's Distillery.
 37900 | Bazaar   | Found Seuzanukk's Jewellery Emporium.
 37920 | Bazaar   | Found Cunum's General Store.
 37928 | Bazaar   | Bought a scroll of blinking for 60 gold pieces
 37944 | Bazaar   | Bought a pair of embroidered gloves for 255 gold pieces
 37956 | Bazaar   | Bought a potion of invisibility for 64 gold pieces
 37956 | Bazaar   | Bought a potion of mutation for 64 gold pieces
 37956 | Bazaar   | Bought a potion of mutation for 64 gold pieces
 38387 | Shoals:2 | You are sucked into a shaft and drop 1 floor!
 38412 | Shoals:3 | Reached skill level 19 in Ranged Weapons
 38640 | Shoals:2 | Identified the ring of Lady Luck {rF+ Str+4 Int+6}
 39187 | Shoals:3 | Found Vaepn's Magic Scroll Shoppe.
 39229 | Shoals:3 | Found a runed translucent gate.
 39229 | Shoals:3 | Found a runed translucent gate.
 39229 | Shoals:3 | Found a runed translucent gate.
 39230 | Shoals:3 | Noticed Xieblus's ghost (journeyman MfMo)
 39253 | Shoals:3 | Killed Xieblus's ghost
 39283 | Shoals:3 | Identified the +0 helmet of the Endless Expanse {*Corrode
                  | Fly Regen+ Int+3}
 39361 | Shoals:3 | Found Xual Dan's Magic Scroll Emporium.
 39627 | Shoals:3 | Found Beme's Armour Shoppe.
 40022 | Shoals:3 | Found Dotuqol's Distillery.
 40091 | Shoals:4 | Entered Level 4 of the Shoals
 40138 | Shoals:4 | Found Kupeumet's Jewellery Shop.
 40155 | Shoals:4 | Identified the ring "Hiaffux" {rF+ Slay+4}
 40569 | Shoals:4 | Noticed Mlioglotl
 40582 | Shoals:4 | Killed Mlioglotl
 40711 | Shoals:4 | Identified the +2 pair of gloves of the Apprentice {rF-
                  | Slay+4}
 40808 | Shoals:4 | Reached XP level 20. HP: 148/148 MP: 21/30
 41204 | Shoals:4 | Reached skill level 10 in Shields
 41225 | Shoals:4 | Bought a ring of willpower for 325 gold pieces
 41463 | Shoals:4 | Reached skill level 10 in Evocations
 41529 | Shoals:4 | Identified the +2 lajatang of Cowardice {protect, Contam
                  | *Slow rElec rF++}
 41603 | Shoals:4 | Got the Exposition on the Tincture and the Storm
 42082 | Shoals:4 | Got a barnacled rune of Zot
 42571 | Elf:1    | Entered Level 1 of the Elven Halls
 42582 | Elf:1    | Identified the amulet "Jiykeysu" {RegenMP rCorr Str-4 Dex-3
                  | SInv}
 43076 | Elf:1    | Got the Anthology of Attendants
 43266 | Elf:1    | Paralysed by an air elemental for 1 turns
 44142 | Elf:2    | Found a huge runed translucent gate.
 44144 | Elf:2    | Found a huge runed translucent gate.
 44149 | Elf:2    | Found a huge runed translucent gate.
 44150 | Elf:2    | Found a huge runed translucent gate.
 44150 | Elf:2    | Found a huge runed translucent gate.
 44256 | Elf:2    | Found a radiant altar of Vehumet.
 44259 | Elf:2    | Paralysed by an air elemental for 1 turns
 44800 | Elf:2    | Reached XP level 21. HP: 116/157 MP: 31/31
 45840 | Elf:3    | Entered Level 3 of the Elven Halls
 45916 | Elf:3    | Found Hafi's Distillery.
 45921 | Elf:3    | Bought 3 potions of heal wounds for 195 gold pieces
 46137 | Elf:3    | Reached skill level 1 in Throwing
 46761 | Elf:3    | Noticed a Brimstone Fiend
 46837 | Elf:3    | Shot with an arrow by a deep elf master archer

Illustrated notes

Levels and vault maps discovered:
D:1:      minmay_arrival_stone_box, layout_basic
D:2:      layout_basic, basic_altar, item_on_display_a
D:3:      layout_basic, st_stairs_13, minmay_randomly_rotated_circles
D:4:      layout_gridville, nicolae_qazlal_beasts_of_the_sky,
          ebering_ghost_inner_flame, minmay_fountain_box
D:5:      kennysheep_big_flooded_room, layout_loops_ring,
          minmay_temple_entry_glassed_door, serial_shops, shop, uniq_duvessa,
          uniq_pikel
D:6:      layout_basic, makhleb_blood_cavern_becter,
          mainiacjoe_overflow_alcove_1, uniq_blork_the_orc
D:7:      layout_cave_pods, old_standard_altar,
          minmay_fractal_squares_diagonal_5, uniq_joseph
D:8:      layout_gridville, nemelex_spade_bored_becter, uniq_grum
D:9:      layout_loops_ring, uniq_psyche, uniq_prince_ribbit1
D:10:     lemuel_reptile_caves, layout_gridville, minmay_misc_feat_tiny,
          uniq_sonja, uniq_josephine, uniq_erolcha
D:11:     layout_loops_cross, erik_lair_island, david_orc_5,
          nicolae_nh_vlads_tower, uniq_urug
D:12:     layout_cave_pools, uniq_jorgrun, uniq_fannar
D:13:     layout_roguey, skrybe_vaults_entry_preservation,
          minmay_misc_feat_enclosed, nicolae_diode_basic
D:14:     layout_stronghold, gauntlet_entry_generic, led_sif_pool, serial_glass,
          glass_columns_c, glass_columns_b
D:15:     grunt_enter_depths_magical_seal, layout_long_grid,
          chequers_serial_rivers_micro_b
Temple:   hellmonk_temple_divided_pantheon
Lair:1:   layout_cave_pods, portal_ice_cave_entry_pillars_2, grunt_megastairs_4
Lair:2:   layout_regular_city, nicolae_shoals_entry_roost, dummy_snake_entry,
          dreamdust_mushroom_princess, serial_bayou_shore_a
Lair:3:   layout_cave_pods, cheibrodos_lair_lostbears, uniq_amaemon,
          uniq_nergalle, uniq_kirke
Lair:4:   layout_gridlike, chequers_serial_rivers_marsh, fungi_pond_lemuel
Lair:5:   evilmike_catoblepas_cave, layout_long_grid, slime_entry_1, st_stairs_4
Shoals:1: layout_shoals, serial_shops, bzr_entry_water
Shoals:2: layout_shoals, serial_shops, bzr_entry_customers
Shoals:3: layout_shoals, serial_shops, shop_statue, shop, shop,
          nicolae_shop_hallway_plus, gammafunk_ghost_tricky_traps
Shoals:4: shoals_end_simple, layout_shoals, serial_shops, shop,
          nicolae_shoals_this_corrosion, uniq_mlioglotl
Snake:1:  layout_layer_cave, basic_altar, minmay_shop_star, uniq_agnes,
          uniq_asterion
Snake:2:  layout_onion, evilmike_ambush [evilmike_ambush_outer_corners,
          evilmike_ambush_inner_basic], nicolae_triple_integral
Snake:3:  layout_cave_town, serial_shops, nicolae_shop_gaudy_bauble,
          uniq_bai_suzhen
Snake:4:  minmay_snake_end_coiled, layout_layer_cave, serial_shops,
          nicolae_shop_hallway_plus, shop, shop_statue, uniq_saint_roka
Orc:1:    cheibrodos_orc_bank, layout_diamond_mine, serial_shops,
          nicolae_shop_hallway_plus, basic_altar, nicolae_shop_firing_range
Orc:2:    pf_orc_diabolical, layout_caves, nicolae_orc_tapped_out
Elf:1:    layout_gridlike, minmay_elf_demonology
Elf:2:    elven_hall_of_blades_hangedman_alternative
          [nicolae_vaults_blade_armed_guards], layout_geoelf_grid,
          guppyfry_elf_altar
Elf:3:    grunt_elf_hall_asides, layout_onion_city, serial_shops, shop

Skill      XL: |  1  2  3  4  5  6  7  8  9 10 11 12 13 14 15 16 17 18 19 20 21 |
---------------+----------------------------------------------------------------+-----
Ranged Weapons | 5 6 7 8 10 12 14 16 18 19 | 19.1
Fighting       | 3 4 5 6 7 9 10 12 14 15 16 17 | 17.8
Shields        | 1 3 4 5 7 9 11 12 | 12.3
Stealth        | 3 5 7 8 9 |  9.0
Invocations    | 3 7 9 11 12 13 14 | 14.0
Evocations     | 5 7 8 9 11 12 | 12.0
Dodging        | 5 8 9 11 12 | 12.0
Armour         | 2 5 8 9 11 12 | 12.0
Throwing       | 2 |  2.4

Action                     |  1- 3 |  4- 6 |  7- 9 | 10-12 | 13-15 | 16-18 | 19-21 || total
---------------------------+-------+-------+-------+-------+-------+-------+-------++-------
  Melee: Short sword       |       |       |       |    16 |       |    11 |       ||    27
         Sling             |       |       |       |       |     4 |       |       ||     4
   Fire: Shortbow          |    83 |    98 |       |       |       |       |       ||   181
         Sling             |       |    22 |   166 |   520 |  1126 |   169 |       ||  2003
         Hand crossbow     |       |       |       |       |       |   320 |       ||   320
         Arbalest          |       |       |       |       |       |   611 |   854 ||  1465
  Throw: Dart              |       |       |       |       |       |     4 |       ||     4
 Invoke: Ancestor Identity |       |       |     1 |       |       |       |       ||     1
         Ancestor Life: Kn |       |       |       |     1 |       |       |       ||     1
         Recall Ancestor   |       |       |       |     1 |     1 |     4 |     4 ||    10
         Idealise          |       |       |       |       |     2 |     7 |       ||     9
         Transference      |       |       |       |       |       |     2 |       ||     2
  Evoke: Wand              |       |       |     3 |     2 |     1 |     2 |       ||     8
         Box of beasts     |       |       |       |       |       |     1 |       ||     1
         Phantom mirror    |       |       |       |       |       |     1 |       ||     1
    Use: Scroll            |       |     1 |       |    13 |    14 |    20 |     5 ||    53
         Potion            |       |       |       |     1 |       |     1 |     5 ||     7
   Stab: Invisible         |       |       |       |     2 |       |       |       ||     2
 Armour: Leather armour    |     6 |    23 |    13 |    27 |    92 |    60 |       ||   221
         Ring mail         |       |       |       |       |       |    47 |    34 ||    81
         Robe              |       |       |       |       |       |       |    22 ||    22
  Dodge: Dodged            |    20 |    38 |    42 |    40 |   151 |   317 |   189 ||   797
  Block: Buckler           |       |     2 |    15 |    22 |    61 |    52 |       ||   152
         Other             |       |       |       |       |       |       |    32 ||    32
         Reflection        |       |       |       |       |       |       |    10 ||    10
